 Dungeon Crawl Stone Soup version 0.30.1-4-g462c640d31 (webtiles) character file.

Game seed: 1290082284343197496

164941 pkoi the Severer (level 17, -12/152 HPs)
             Began as a Minotaur Gladiator on Sept 2, 2023.
             Was a High Priest of Okawaru.
             Killed from afar by Aizul (22 damage)
             ... with a bolt of poison
             ... on level 1 of the Snake Pit on Sept 5, 2023.
             The game lasted 00:54:26 (30998 turns).

pkoi the Severer (Minotaur Gladiator)              Turns: 30998, Time: 00:54:27

Health: -12/152    AC: 19    Str: 25    XL:     17   Next: 26%
Magic:  0/26       EV: 19    Int: 12    God:    Okawaru [*****.]
Gold:   2090       SH:  0    Dex: 12    Spells: 15/16 levels left

rFire   + . .        R - +2 executioner's axe (flame)
rCold   . . .        (shield currently unavailable)
rNeg    + + +        w - +3 salamander hide armour {Flames, rFlCloud rF++ rC--}
rPois   .            c - +1 hat
rElec   .            r - +2 cloak {Will+}
rCorr   .            x - +1 pair of gloves of the Hanged Man {rN+++ Str-4 Int+4}
SInv    .            j - +2 pair of boots
Will    +++..        G - amulet "Fumpenoq" {Spirit Will+ Int+3 Stlth+}
Stlth   +++++        J - ring "Plog" {Ice +Blink}
HPRegen 0.45/turn    M - ring "Dakirgh" {Drain rC+ rN++ Str+2 Stlth+}
MPRegen 0.20/turn

%: guardian spirit
@: lethally poisoned (-12 -> -39), heroic
A: horns 2, retaliatory headbutt
a: Renounce Religion, Evoke Blink, Heroism, Finesse, Duel


You were on level 1 of the Snake Pit.
You worshipped Okawaru.
Okawaru was extremely pleased with you.
You visited 6 branches of the dungeon, and saw 26 of its levels.
You visited the Abyss 1 time.
You also visited: Ossuary and Ice Cave.

You collected 3846 gold pieces.
You spent 1756 gold pieces at shops.

Inventory:

Hand Weapons
 E - a +1 battleaxe of electrocution
 R - a +2 executioner's axe of flaming (weapon)
Missiles
 a - 29 boomerangs (quivered)
 d - 9 throwing nets
 p - 3 javelins
 I - 4 curare-tipped darts
Armour
 c - a +1 hat (worn)
 j - a +2 pair of boots (worn)
 r - a +2 cloak of willpower (worn)
 w - the +3 salamander hide armour (worn) {Flames, rFlCloud rF++ rC--}
   (You bought it in a shop on level 4 of the Dungeon)

   Flames:    It surrounds you with flame clouds and enhances your fire magic.
   rFlCloud:  It grants immunity to flame clouds.
   rF:        It greatly protects you from fire.
   rC:        It makes you very vulnerable to cold.
 x - the +1 pair of gloves of the Hanged Man (worn) {rN+++ Str-4 Int+4}
   (Okawaru gifted it to you on level 1 of the Abyss)

   Str:       It affects your strength (-4).
   Int:       It affects your intelligence (+4).
   rN:        It renders you almost immune to negative energy.
 F - a +1 pair of gloves of dexterity
 O - a +1 chain mail of cold resistance
Jewellery
 y - a +5 ring of evasion
 B - a ring of see invisible
 G - the amulet "Fumpenoq" (around neck) {Spirit Will+ Int+3 Stlth+}
   (You found it on level 2 of the Lair of Beasts)

   [amulet of guardian spirit]

   It causes incoming damage to be divided between your reserves of health and
   magic.
   Int:       It affects your intelligence (+3).
   Will:      It increases your willpower.
   Stlth:     It makes you more stealthy.
 J - the ring "Plog" (left hand) {Ice +Blink}
   (You found it on level 9 of the Dungeon)

   [ring of ice]

   It enhances your ice magic.
   rF:        It makes you vulnerable to fire.
   rC:        It protects you from cold.
   +Blink:    It lets you blink.
 M - the ring "Dakirgh" (right hand) {Drain rC+ rN++ Str+2 Stlth+}
   (You bought it in a shop on level 2 of the Orcish Mines)

   [ring of protection from cold]

   Str:       It affects your strength (+2).
   rC:        It protects you from cold.
   rN:        It greatly protects you from negative energy.
   Drain:     It drains your maximum health when unequipped.
   Stlth:     It makes you more stealthy.
 N - an amulet of reflection
 P - an amulet of faith
 Q - a ring of ice
Wands
 e - a wand of iceblast (9)
 l - a wand of quicksilver (9)
 o - a wand of flame (3)
 C - a wand of polymorph (27)
 K - a wand of digging (15)
Scrolls
 f - a scroll of enchant armour
 i - 6 scrolls of amnesia
 k - a scroll of silence
 m - 8 scrolls of fog
 n - 10 scrolls of magic mapping
 s - 12 scrolls of teleportation
 t - 7 scrolls of fear
 u - 7 scrolls of identify
 v - a scroll of blinking
 L - 4 scrolls of enchant weapon
Potions
 b - a potion of magic
 g - 13 potions of curing
 h - 3 potions of haste
 q - 2 potions of flight
 z - 8 potions of heal wounds
 A - 3 potions of cancellation
 D - 3 potions of resistance
 H - 5 potions of ambrosia
 S - 2 potions of brilliance


   Skills:
 + Level 14.3(19.3) Fighting
 + Level 20.4(25.4) Axes
 - Level 2.0(7.0) Throwing
 + Level 10.9(15.9) Armour
 + Level 13.2(18.2) Dodging
 + Level 13.8 Invocations
 - Level 12.0 Evocations


You had 15 spell levels left.
You knew the following spells:

 Your Spells              Type           Power      Damage    Failure   Level
a - Apportation           Tloc           0%         N/A       34%         1

Your spell library contained the following spells:

 Spells                   Type           Power      Damage    Failure   Level
 Freeze                   Ice            0%         1d3       34%         1
 Necrotise                Necr           0%         1d4       34%         1
 Sandblast                Erth           0%         2d4       34%         1
 Slow                     Hex            0%         N/A       34%         1
 Passwall                 Tmut/Erth      0%         N/A       47%         2
 Sublimation of Blood     Necr           0%         N/A       47%         2
 Wereblood                Tmut           0%         N/A       47%         2
 Frozen Ramparts          Ice            0%         1d1       71%         3
 Hailstorm                Conj/Ice       0%         3d3       71%         3
 Portal Projectile        Hex/Tloc       0%         N/A       71%         3
 Stone Arrow              Conj/Erth      0%         3d7       71%         3
 Vampiric Draining        Necr           0%         2d6       71%         3
 Cause Fear               Hex            0%         N/A       98%         4
 Agony                    Necr           0%         N/A       100%        5
 Blade Hands              Tmut           0%         N/A       100%        5
 Metabolic Englaciation   Hex/Ice        0%         N/A       100%        5
 Summon Small Mammal      Summ           Unusable   N/A       N/A         1
 Tukima's Dance           Hex            Unusable   N/A       N/A         3
 Summon Hydra             Summ           Unusable   N/A       N/A         7

Dungeon Overview and Level Annotations

Branches:
Dungeon (15/15)            Temple (1/1) D:4            Lair (5/5) D:10
 Shoals (2/4) Lair:2        Snake (1/4) Lair:2        Slime (0/5) Lair:4
    Orc (2/2) D:12            Elf (0/3) Orc:2        Vaults (0/5) D:13
 Depths (0/4) D:15        Ossuary (visited)           IceCv (visited)

Altars:
Ashenzari
Cheibriados
Dithmenos
Elyvilon
Fedhas
Gozag
Hepliaklqana
Kikubaaqudgha
Makhleb
Nemelex Xobeh
Okawaru
Qazlal
Ru
Sif Muna
Trog
Uskayaw
Vehumet
Wu Jian
Xom
Yredelemnul
Zin
The Shining One
Jiyva

Shops:
D:4 [*   Orc:2 ([::[[=[[

Portals:
Trove: D:10 (show abyssal rune of Zot)

Annotations:
Shoals:2 Ilsuiw
Snake:1 Aizul


Innate Abilities, Weirdness & Mutations

You have a pair of horns on your head.
You reflexively headbutt those who attack you in melee.


Message History

* * * LOW HITPOINT WARNING * * *
The naga sharpshooter shoots an arrow.
The arrow hits you!
* * * LOW HITPOINT WARNING * * *
Unknown command.
You gain the combat prowess of a mighty hero.
* * * LOW HITPOINT WARNING * * *
You feel very sick.
Aizul is engulfed in blazing flames.
Aizul misses you.
The naga sharpshooter shoots an arrow.
The arrow misses you.
The naga sharpshooter shoots an arrow.
The arrow hits you!
* * * LOW HITPOINT WARNING * * *
You feel better.
Aizul is engulfed in blazing flames.
Aizul casts a spell at you. You resist with almost no effort.
The naga sharpshooter casts a spell.
Aizul is engulfed in blazing flames.
Aizul says, "I wasn't actually sleeping!"
Aizul barely misses you. You furiously retaliate!
You headbutt Aizul!!
The naga sharpshooter shoots an arrow.
The arrow misses you. The naga spits poison at you.
The splash of poison hits you!
You are poisoned.
* * * LOW HITPOINT WARNING * * *
The naga spits poison at you.
The splash of poison hits you but does no damage.
You are more poisoned.
Unknown command.
Okay, then.
As you read the scroll of fear, it crumbles to dust.
You assume a fearsome visage.
Aizul resists with almost no effort.
The naga sharpshooter looks frightened!
The naga looks frightened! x2
The naga sharpshooter looks frightened!
You feel very sick.
Aizul is engulfed in blazing flames.
Aizul hits you.
* * * LOW HITPOINT WARNING * * *
Aizul attacks as you move away! Aizul closely misses you.
You feel sick.
Aizul coils herself and waves her upper body at you.
The bolt of poison hits you!!
You are lethally poisoned!
You die...

... .........?.....S..
...###................#
#####........N.:#...... .#.
.................S..... .#.
..........N.N#.###..#.##...
......................#..#
.........S☼§.#..#.# #...#
.......N.☼○☼.#..... #.###
........)°@°.#..#.# #.#
......[..§☼§...##.###.#
...............##.##..#
.............##.##....##
.......)[)..#.....####
#.....##.#.#...#.########
##.....##.#.#..#.........#
#.......#.).[..#.........#
#.##..#.....##.#.........#


You could see Aizul, 2 naga sharpshooters and 2 nagas.

Vanquished Creatures
  Rupert (D:13)
  Jorgrun (Orc:2)
  A lich (Abyss:1)
  Kirke (D:14)
  Agnes (D:14)
  Donald (Snake:1)
  A fire giant (D:15)
  Louise (D:14)
  An orc warlord (Orc:1)
  2 very ugly things (Abyss:1)
  A starcursed mass (Abyss:1)
  Nessos (Lair:5)
  Azrael (D:13)
  A fire dragon (D:14)
  A merfolk impaler (Shoals:1)
  A merfolk javelineer (Shoals:1)
  10 hydras
  4 ogre magi (Orc:2)
  A catoblepas (Lair:5)
  7 centaur warriors
  2 anacondas (Snake:1)
  A deep troll shaman (Lair:5)
  A death knight (D:15)
  19 two-headed ogres
  3 death yaks (Lair:5)
  A thrashing horror (Abyss:1)
  Sonja (Orc:2)
  2 naga sharpshooters (Snake:1)
  5 wretched stars (Abyss:1)
  7 skysharks
  A sixfirhy (Abyss:1)
  2 skeletal warriors
  A death drake (shapeshifter) (D:13)
  3 sea snakes
  A deep elf archer (D:13)
  4 harpies (Shoals:1)
  A necromancer (IceCv)
  A wizard (D:14)
  A mana viper (Snake:1)
  A lindwurm (Lair:5)
  7 orc knights
  8 ugly things
  6 oklob plants
  2 cyclopes
  2 orc sorcerers
  3 manticores
  3 deep elf pyromancers
  4 fauns (Shoals:1)
  A worldbinder (Abyss:1)
  2 salamanders (Snake:1)
  8 black mambas
  Joseph (D:8)
  22 elephants
  4 merfolk sirens
  A guardian serpent (Snake:1)
  4 naga magi (Snake:1)
  An orange demon (Abyss:1)
  An ice statue (IceCv)
  4 centaur skeletons (D:13)
  A gargoyle (D:14)
  5 yaktaurs
  6 cane toads
  10 komodo dragons
  An efreet (Abyss:1)
  2 rime drakes
  5 freezing wraiths (IceCv)
  14 ice devils
  3 unseen horrors
  A tengu conjurer (D:15)
  An ancient zyme (Abyss:1)
  3 trolls
  12 merfolk
  A polar bear (shapeshifter) (D:15)
  7 polar bears
  2 wind drakes (Shoals:1)
  A hornet (D:12)
  23 blink frogs
  Grinder (D:6)
  2 blink frogs (shapeshifter)
  8 snapping turtles (Shoals:1)
  4 large abominations (Abyss:1)
  A ynoxinul (Abyss:1)
  A centaur simulacrum (D:15)
  4 slime creatures (D:12)
  A spriggan (shapeshifter) (D:12)
  Sigmund (D:2)
  2 shadows
  2 humans (D:14)
  A vampire (D:11)
  A basilisk (Lair:2)
  A small abomination (Abyss:1)
  69 yaks
  3 wyverns
  3 dire elephant simulacra (IceCv)
  A hog (D:14)
  2 steam dragons
  2 fire elementals (D:13)
  2 neqoxecs (Abyss:1)
  4 death yak simulacra (IceCv)
  2 chaos spawn (Abyss:1)
  A harpy simulacrum (IceCv)
  2 vampire mosquitoes (D:12)
  2 acid dragons
  13 nagas
  3 wargs
  A hydra simulacrum (IceCv)
  13 water moccasins
  11 hell hounds
  A water moccasin (shapeshifter) (D:14)
  31 orc warriors
  6 black bears
  4 ice beasts
  3 sky beasts
  3 centaurs (D:13)
  24 ogres
  4 wolves (Lair:5)
  The ghost of Xavier the Sneak, an amateur DrEn (D:4)
  A kobold brigand (D:10)
  11 bullfrogs
  A gnoll sergeant (D:4)
  2 cane toad simulacra (IceCv)
  9 scorpions
  A two-headed ogre simulacrum (IceCv)
  10 wights (D:7)
  An oklob sapling (D:4)
  5 elephant simulacra (IceCv)
  6 killer bees (D:11)
  4 electric eels
  A centaur zombie (Ossuary)
  2 iron imps (Abyss:1)
  3 hounds
  4 human zombies (Ossuary)
  13 orc priests
  A gnoll bouda (D:8)
  9 jellies
  Jessica (D:2)
  6 scorpion zombies (Ossuary)
  A spriggan simulacrum (IceCv)
  3 iguanas
  20 orc wizards
  13 hell rats
  5 polar bear simulacra (IceCv)
  A troll simulacrum (IceCv)
  4 wolf simulacra (IceCv)
  3 mummies (Ossuary)
  Robin (D:2)
  9 gnolls
  9 river rats (Lair:3)
  4 adders
  A naga simulacrum (IceCv)
  A white imp (D:6)
  4 ufetubi
  2 worms
  2 dart slugs (D:2)
  87 orcs
  7 endoplasms
  A giant cockroach (D:4)
  3 gnoll zombies (Ossuary)
  18 goblins
  6 hobgoblins
  11 jackals
  15 kobolds
  5 quokkas
  5 ball pythons
  2 bats
  A frilled lizard (D:2)
  2 goblin zombies (Ossuary)
  6 hobgoblin zombies (Ossuary)
  A kobold zombie (Ossuary)
  2 orc zombies (Ossuary)
  6 rats
  A fire vortex (D:13)
  2 lurking horrors (Abyss:1)
875 creatures vanquished.

Vanquished Creatures (others)
  An orc (D:13)
1 creature vanquished.

Grand Total: 876 creatures vanquished

Notes
Turn   | Place    | Note
-------+----------+-------------------------------------------
     0 | D:1      | pkoi the Minotaur Gladiator began the quest for the Orb.
     0 | D:1      | Reached XP level 1. HP: 18/18 MP: 0/0
   237 | D:1      | Reached skill level 1 in Armour
   240 | D:1      | Reached XP level 2. HP: 17/25 MP: 1/1
   353 | D:1      | Reached skill level 4 in Axes
   642 | D:2      | Reached XP level 3. HP: 29/31 MP: 2/2
   674 | D:2      | Noticed Sigmund
  1016 | D:2      | Killed Sigmund
  1017 | D:2      | Reached skill level 5 in Axes
  1017 | D:2      | Reached XP level 4. HP: 41/41 MP: 3/3
  1017 | D:2      | Reached XP level 5. HP: 47/47 MP: 4/4
  1188 | D:2      | Noticed Jessica
  1194 | D:2      | Killed Jessica
  1230 | D:2      | Noticed Robin
  1241 | D:2      | Killed Robin
  1243 | D:2      | Reached XP level 6. HP: 47/53 MP: 5/5
  1377 | D:2      | Reached skill level 1 in Evocations
  1458 | D:2      | You fall into a shaft and drop 1 floor!
  1714 | D:3      | Found a snail-covered altar of Cheibriados.
  1976 | D:3      | Identified a scroll of acquirement
  1976 | D:3      | Acquired 830 gold pieces
  2339 | D:3      | Found a faded altar of an unknown god.
  2406 | D:4      | Reached skill level 5 in Fighting
  2436 | D:4      | Found Omoy's General Store.
  2494 | D:4      | Found a sand-covered staircase.
  2500 | Ossuary  | Entered an ossuary
  2540 | Ossuary  | Reached skill level 6 in Axes
  2540 | Ossuary  | Reached XP level 7. HP: 44/61 MP: 6/6
  2618 | Ossuary  | Reached skill level 5 in Armour
  2848 | Ossuary  | Reached XP level 8. HP: 58/71 MP: 7/7
  2854 | Ossuary  | Reached skill level 7 in Axes
  3396 | D:4      | Found a runed translucent gate.
  3396 | D:4      | Found an opulent altar of Gozag.
  3396 | D:4      | Found a runed translucent gate.
  3397 | D:4      | Found a runed translucent gate.
  3399 | D:4      | Noticed Xavier's ghost (amateur DrEn)
  3411 | D:4      | Found a radiant altar of Vehumet.
  3412 | D:4      | Found a hazy altar of Hepliaklqana.
  3506 | D:4      | Found Daewn's Armour Shoppe.
  3509 | D:4      | Bought a +2 cloak of willpower for 301 gold pieces
  4028 | D:5      | Entered Level 5 of the Dungeon
  4472 | D:6      | Reached skill level 8 in Axes
  4550 | D:6      | Reached XP level 9. HP: 79/79 MP: 8/8
  4600 | D:6      | Noticed Grinder
  4609 | D:6      | Killed Grinder
  4928 | D:6      | Reached skill level 5 in Evocations
  5140 | D:7      | Reached skill level 9 in Axes
  6012 | D:8      | Noticed Joseph
  6023 | D:8      | Killed Joseph
  6194 | D:8      | Reached XP level 10. HP: 50/91 MP: 9/9
  6217 | D:7      | Found an opulent altar of Gozag.
  6217 | D:7      | Found an iron altar of Okawaru.
  6454 | D:7      | Became a worshipper of Warmaster Okawaru
  6553 | D:8      | Noticed a two-headed ogre
  6554 | D:8      | Noticed a two-headed ogre
  6559 | D:8      | Killed a two-headed ogre
  6560 | D:8      | Reached skill level 10 in Axes
  6566 | D:8      | Killed a two-headed ogre
  6566 | D:8      | Reached * piety under Okawaru
  7002 | D:9      | Noticed a two-headed ogre
  7004 | D:9      | Noticed a two-headed ogre
  7008 | D:9      | Killed a two-headed ogre
  7008 | D:9      | Reached ** piety under Okawaru
  7009 | D:9      | Reached skill level 11 in Axes
  7012 | D:9      | Killed a two-headed ogre
  7359 | D:9      | Identified the ring "Plog" {Ice +Blink}
  7502 | D:10     | Entered Level 10 of the Dungeon
  7509 | D:10     | Reached skill level 1 in Invocations
  7514 | D:10     | Noticed a two-headed ogre
  7517 | D:10     | Reached XP level 11. HP: 93/97 MP: 9/11
  7522 | D:9      | Reached *** piety under Okawaru
  7523 | D:9      | Reached skill level 12 in Axes
  7640 | D:10     | Found a staircase to the Lair.
  7660 | D:10     | Killed a two-headed ogre
  7660 | D:10     | Reached **** piety under Okawaru
  8328 | D:10     | Found a portal to a secret trove of treasure.
  8460 | Lair:1   | Entered Level 1 of the Lair of Beasts
  8637 | Lair:1   | Reached skill level 13 in Axes
  8639 | Lair:1   | Reached ***** piety under Okawaru
  8735 | Lair:1   | Reached skill level 5 in Invocations
  8830 | Lair:1   | Identified the +6 hand axe of Equilibrium {freeze, Will+}
  9259 | Lair:1   | Reached skill level 10 in Evocations
  9260 | Lair:1   | Reached XP level 12. HP: 94/104 MP: 15/15
  9394 | Lair:2   | Identified the +1 pair of gloves of Tomorrow {Harm rPois
                  | Will++ Dex-3} (Okawaru gifted it to you on level 2 of the
                  | Lair of Beasts)
  9394 | Lair:2   | Received a gift from Okawaru
  9421 | Lair:2   | Reached skill level 14 in Axes
 10062 | Lair:2   | Found a staircase to the Snake Pit.
 10488 | Lair:2   | Noticed an eight-headed hydra
 10489 | Lair:2   | Noticed a seven-headed hydra
 10765 | D:4      | Bought the +3 salamander hide armour {Flames, rFlCloud rF++
                  | rC--} for 483 gold pieces
 10765 | D:4      | Found the +3 salamander hide armour {Flames, rFlCloud rF++
                  | rC--}
 11029 | Lair:2   | Found a staircase to the Shoals.
 11350 | Lair:2   | Killed a 12-headed hydra
 11448 | Lair:2   | Killed an eight-headed hydra
 12285 | Lair:2   | Identified the amulet "Fumpenoq" {Spirit Will+ Int+3
                  | Stlth+}
 12402 | Lair:3   | Reached skill level 5 in Dodging
 12498 | Lair:3   | Noticed a five-headed hydra
 12505 | Lair:3   | Killed a five-headed hydra
 12508 | Lair:3   | Reached skill level 15 in Axes
 12965 | Lair:3   | Received a gift from Okawaru
 12967 | Lair:3   | Reached XP level 13. HP: 110/111 MP: 18/18
 13536 | Lair:4   | Reached XP level 14. HP: 118/118 MP: 19/19
 13743 | Lair:4   | Found a viscous altar of Jiyva.
 13743 | Lair:4   | Found a staircase to the Slime Pits.
 13866 | Lair:4   | Found a frozen archway.
 13882 | IceCv    | Entered an ice cave
 14400 | IceCv    | Found an ancient bone altar of Kikubaaqudgha.
 14423 | IceCv    | Reached skill level 16 in Axes
 14991 | IceCv    | Reached skill level 10 in Invocations
 15801 | Lair:5   | Entered Level 5 of the Lair of Beasts
 15816 | Lair:5   | Received a gift from Okawaru
 16067 | Lair:5   | Identified the +0 robe of Hotomnut {*Slow Fly rN+++ Dex-2}
 16235 | Lair:5   | Reached skill level 17 in Axes
 16395 | Lair:5   | Noticed Nessos
 16434 | Lair:5   | Killed Nessos
 16435 | Lair:5   | Reached skill level 10 in Dodging
 16500 | Lair:5   | Received a gift from Okawaru
 16649 | Lair:5   | Received a gift from Okawaru
 16655 | Lair:5   | Reached XP level 15. HP: 97/124 MP: 15/22
 18262 | D:12     | Found a staircase to the Orcish Mines.
 19161 | D:4      | Killed Xavier's ghost
 19312 | D:4      | Found a staircase to the Ecumenical Temple.
 19454 | Temple   | Entered the Ecumenical Temple
 19709 | D:13     | Received a gift from Okawaru
 19818 | D:13     | Noticed Rupert
 19829 | D:13     | Killed Rupert
 19830 | D:13     | Reached skill level 18 in Axes
 20039 | D:13     | Reached skill level 10 in Fighting
 20371 | Shoals:1 | Entered Level 1 of the Shoals
 21684 | Shoals:1 | Received a gift from Okawaru
 21977 | Orc:1    | Entered Level 1 of the Orcish Mines
 22306 | Orc:2    | Entered Level 2 of the Orcish Mines
 22316 | Orc:2    | Noticed Jorgrun
 22326 | Orc:2    | Killed Jorgrun
 22327 | Orc:2    | Reached skill level 19 in Axes
 22472 | Orc:2    | Found Jawne's Armour Boutique.
 22860 | Orc:1    | Reached XP level 16. HP: 86/139 MP: 12/24
 24143 | Orc:2    | Found Koulot's Armour Shop.
 24158 | Orc:2    | Noticed Sonja
 24169 | Abyss:1  | Cast into level 1 of the Abyss (Sonja)
 24420 | Abyss:1  | Identified the +1 pair of gloves of the Hanged Man {rN+++
                  | Str-4 Int+4} (Okawaru gifted it to you on level 1 of the
                  | Abyss)
 24420 | Abyss:1  | Received a gift from Okawaru
 24488 | Abyss:1  | Noticed a lich
 24509 | Abyss:1  | Killed a lich
 24677 | Abyss:1  | Found a bloodstained altar of Trog.
 25178 | Orc:2    | Escaped the Abyss
 25186 | Orc:2    | Killed Sonja
 25213 | Orc:2    | HP: 7/144 [poisoned by an orc wizard]
 25549 | Orc:2    | Found a staircase to the Elven Halls.
 25568 | Orc:2    | Found Nyrraxt's Jewellery Shoppe.
 25578 | Orc:2    | Found Qywast's Antique Armour Shop.
 25585 | Orc:2    | Found Afuinlut's Armour Emporium.
 25601 | Orc:2    | Bought the ring "Dakirgh" {Drain rC+ rN++ Str+2 Stlth+} for
                  | 702 gold pieces
 25607 | Orc:2    | Bought a dazzling scale mail for 270 gold pieces
 25607 | Orc:2    | Identified the +3 scale mail "Yczenn" {Contam rC+ rN+} (You
                  | bought it in a shop on level 2 of the Orcish Mines)
 25784 | Orc:2    | Found Iguaxkil's Antique Armour Emporium.
 25784 | Orc:2    | Found Xykkeab's Book Shop.
 25785 | Orc:2    | Found Neplonal's Weapon Boutique.
 25785 | Orc:2    | Found Iray's Book Emporium.
 25936 | D:13     | Got the Monograph on Misfortune
 25937 | D:13     | Noticed Azrael
 25958 | D:13     | Killed Azrael
 26135 | D:13     | Reached skill level 20 in Axes
 26190 | D:13     | Found a gate to the Vaults.
 26944 | D:13     | Learned a level 1 spell: Apportation
 26987 | D:14     | Reached skill level 10 in Armour
 27131 | D:14     | Noticed Kirke
 27137 | D:14     | Killed Kirke
 27619 | D:14     | Noticed Agnes
 27623 | D:14     | Killed Agnes
 27736 | D:14     | Noticed Louise
 27751 | D:14     | Killed Louise
 28013 | D:14     | Reached XP level 17. HP: 139/151 MP: 24/26
 28019 | D:14     | Found an ornate altar of the Wu Jian Council.
 28150 | D:15     | Entered Level 15 of the Dungeon
 28329 | D:15     | Received a gift from Okawaru
 28374 | D:15     | Found a staircase to the Depths.
 28623 | Shoals:2 | Noticed Ilsuiw
 28635 | Shoals:2 | HP: 7/152 [merfolk javelineer/silver javelin[Ilsuiw] (2)]
 29293 | Snake:1  | Entered Level 1 of the Snake Pit
 29874 | Snake:1  | Noticed Donald
 29899 | Snake:1  | Killed Donald
 30987 | Snake:1  | Noticed Aizul
 30998 | Snake:1  | Killed from afar by Aizul

Illustrated notes

Levels and vault maps discovered:
D:1:      lightli_arrival_quake, layout_rooms, chequers_mini_garden,
          minmay_tetromino_l4
D:2:      layout_basic, uniq_robin, uniq_jessica, uniq_sigmund
D:3:      layout_loops_corners, mainiacjoe_overflow_alcove_1,
          basic_ecumenical_altar
D:4:      layout_basic, chequers_temple_overflow_statue_of_worship,
          minmay_temple_entry_oklob, ebering_ghost_gozag,
          nicolae_ossuary_entry_plus, serial_shops, kennysheep_mini_moat,
          nicolae_shop_temple_entry_statues_fountains, hangedman_minor_gate_pass
D:5:      layout_basic
D:6:      layout_cave_pools, amcnicky_mini_rare_corridor_liquid, uniq_grinder
D:7:      layout_basic, nicolae_overflow_hidden_temple
D:8:      layout_cave_pools, uniq_joseph
D:9:      layout_roguey
D:10:     layout_rooms, due_lair_maze_entry_diamond,
          nicolae_trove_entry_crossroad
D:11:     layout_basic
D:12:     minmay_curly_fans, layout_loops_ring, hiddenorc2_lemuel
D:13:     layout_basic, hangedman_vaults_entry_quadrant_bands,
          kennysheep_opposing_triangles, uniq_rupert, uniq_azrael
D:14:     layout_roguey, nzn_wu_jian_council_hall, uniq_kirke, uniq_agnes,
          uniq_louise
D:15:     grunt_enter_depths_giant_problem, layout_grid_maze,
          grunt_decor_mini_mirrors
Temple:   sentei_temple_godly_chess
Lair:1:   layout_regular_city
Lair:2:   minmay_lair_oklob_chamber, layout_gridlike, elwin_shoals_entry_rooms,
          minmay_snake_entry_guardpost_small, infiniplex_staircase_pool
Lair:3:   layout_hall_layers, kennysheep_rathole
Lair:4:   layout_hall_layers, nicolae_slime_entry_slimehenge,
          portal_ice_cave_demonic_guard
Lair:5:   grunt_lair_end_beastmaster, layout_small_grid,
          eino_small_chamber_without_monster, cheibrodos_lair_lostbears,
          grunt_megastairs_2, uniq_nessos
Shoals:1: layout_shoals
Shoals:2: layout_shoals, ebering_ghost_rock_garden, serial_shops,
          nicolae_shop_tiny_statue_garden, nicolae_shoals_goliath_grotto,
          uniq_ilsuiw
Snake:1:  layout_rooms, uniq_donald, uniq_aizul, uniq_mlioglotl
Orc:1:    nicolae_orc_accident_3, layout_caves, special_room [special_room_orc]
Orc:2:    st_orc_ogre_mass, layout_caves, serial_shops,
          nicolae_shop_tiny_real_fake_doors, shop, nicolae_shop_mannequins,
          shop, nicolae_shop_tiny_glass, mines3_lemuel, uniq_jorgrun, uniq_sonja

Skill      XL: |  1  2  3  4  5  6  7  8  9 10 11 12 13 14 15 16 17 |
---------------+----------------------------------------------------+-----
Armour         | 1 3 4 5 7 8 9 10 | 10.9
Axes           | 4 5 6 8 9 11 13 15 17 19 20 | 20.4
Fighting       | 3 4 5 6 7 9 11 13 14 | 14.3
Evocations     | 2 3 4 6 8 10 11 12 | 12.0
Invocations    | 1 6 8 9 11 12 13 | 13.8
Dodging        | 5 7 10 12 13 | 13.2
Throwing       | |  2.0

Action                     |  1- 3 |  4- 6 |  7- 9 | 10-12 | 13-15 | 16-18 || total
---------------------------+-------+-------+-------+-------+-------+-------++-------
  Melee: War axe           |    57 |   131 |   177 |       |       |       ||   365
         Headbutt          |     9 |    17 |    54 |    74 |   126 |    93 ||   373
         Punch             |       |     3 |     4 |       |       |       ||     7
         Battleaxe         |       |       |    40 |   306 |   513 |   354 ||  1213
         Executioner's axe |       |       |       |       |       |    83 ||    83
  Throw: Boomerang         |       |       |       |       |     3 |       ||     3
 Invoke: Heroism           |       |       |       |     2 |    15 |     7 ||    24
  Evoke: Wand              |       |       |       |    19 |     5 |     4 ||    28
    Use: Scroll            |       |     8 |     4 |     8 |     3 |     3 ||    26
         Potion            |       |     6 |     2 |       |     1 |     2 ||    11
   Stab: Distracted        |       |       |       |       |       |     1 ||     1
 Armour: Chain mail        |    38 |    97 |   130 |   157 |    46 |       ||   468
         Leather armour    |       |       |       |    21 |   170 |   137 ||   328
  Dodge: Dodged            |    25 |    76 |   158 |   306 |   421 |   300 ||  1286
